 Dungeon Crawl Stone Soup version 0.22.1-2-g9c5b331 (console) character file.

2323 erker the Cleaver (level 9, -4/79 HPs)
             Began as a Deep Dwarf Fighter on Dec 22, 2018.
             Killed from afar by a big kobold (11 damage)
             ... with a wand of acid (5)
             ... on level 7 of the Dungeon.
             The game lasted 00:16:05 (5157 turns).

erker the Cleaver (Deep Dwarf Fighter)              Turns: 5157, Time: 00:16:05

Health: -4/79      AC: 10    Str: 26    XL:     9   Next: 19%
Magic:  9/9        EV: 10    Int:  7    God:
Gold:   373        SH: 11    Dex: 12    Spells: 8/8 levels left

rFire    . . .     SeeInvis .   a - +7 war axe {protect, *Contam +Fly rC++}
rCold    + + .     Gourm    .   c - +0 shield
rNeg     + . .     Faith    .   o - +5 ring mail of Limited Liability {rElec rN+ Str+3 Int-2}
rPois    .         Spirit   .   y - +0 helmet
rElec    +         Reflect  .   (no cloak)
rCorr    .         Harm     +   j - +1 pair of gloves
MR       +....                  (no boots)
Stlth    ..........             F - amulet of harm
HPRegen  0.00/turn              u - +6 ring of slaying
MPRegen  0.11/turn              B - ring of attention (curse)

@: corroded, non-regenerating
A: damage resistance, heal wounds, sense surroundings 2, no regeneration
a: Heal Wounds, Evoke Flight


You were on level 7 of the Dungeon.
You were not hungry.

You visited 2 branches of the dungeon, and saw 8 of its levels.

You collected 373 gold pieces.

Inventory:

Hand Weapons
 a - the +7 war axe of Wyrd (weapon) {protect, *Contam +Fly rC++}
   (You found it on level 6 of the Dungeon)

   It protects the one who uses it against injury (+AC on strike).
   It greatly protects you from cold.
   It lets you fly.
   It causes magical contamination when unequipped.
Missiles
 r - 35 bolts
 v - 47 sling bullets
 E - 2 tomahawks (quivered)
Armour
 c - a +0 shield (worn)
 j - a +1 pair of gloves (worn)
 o - the +5 ring mail of Limited Liability (worn) {rElec rN+ Str+3 Int-2}
   (You found it on level 4 of the Dungeon)

   It affects your strength (+3).
   It affects your intelligence (-2).
   It insulates you from electricity.
   It protects you from negative energy.
 y - a +0 helmet (worn)
 C - the cursed +1 robe of Daisies {rN+ Int+2 Slay+2, unknown}
   (You found it on level 6 of the Dungeon)

   It affects your intelligence (+2).
   It affects your accuracy and damage with ranged weapons and melee attacks
   (+2).
   It protects you from negative energy.
   It has a curse placed upon it.
Jewellery
 u - a +6 ring of slaying (left hand)
 B - a cursed ring of attention (right hand)
 F - an amulet of harm (around neck)
Scrolls
 g - 2 scrolls of blinking {unknown}
 h - a scroll of noise {unknown}
 i - 3 scrolls of enchant weapon {unknown}
 l - 3 scrolls of amnesia {unknown}
 m - 7 scrolls of teleportation {unknown}
 n - a scroll of immolation {unknown}
 q - 2 scrolls of remove curse {unknown}
 s - 2 scrolls of magic mapping {unknown}
 z - 7 scrolls of identify
 D - a scroll of fog {unknown}
 G - a scroll of enchant armour {unknown}
Potions
 b - 2 potions of flight {unknown}
 d - a potion of might
 e - 4 potions of heal wounds
 k - 2 potions of mutation
 p - a potion of curing
 w - 2 potions of brilliance
 x - a potion of agility
 A - 3 potions of cancellation {unknown}
Comestibles
 f - 11 rations
 t - 2 chunks of flesh


   Skills:
 + Level 4.7 Fighting
 + Level 10.4 Axes
 + Level 5.3 Armour
 + Level 2.6 Dodging
 + Level 6.0 Shields


You had 8 spell levels left.
You didn't know any spells.
Your spell library contained the following spells:

 Spells                   Type           Power        Failure   Level  Hunger
 Magic Dart               Conj           #...         91%         1    ##.....
 Blink                    Tloc           N/A          97%         2    ###....
 Call Imp                 Summ           #.......     97%         2    ###....
 Slow                     Hex            #.......     97%         2    ###....
 Conjure Flame            Conj/Fire      #.......     100%        3    ####...
 Mephitic Cloud           Conj/Pois/Air  #.......     100%        3    ####...


Dungeon Overview and Level Annotations

Branches:
Dungeon (7/15)             Temple (1/1) D:5

Altars:
Ashenzari
Cheibriados
Dithmenos
Elyvilon
Fedhas
Gozag
Hepliaklqana
Kikubaaqudgha
Nemelex Xobeh
Okawaru
Qazlal
Ru
Sif Muna
Trog
Uskayaw
Vehumet
Wu Jian
Xom
Yredelemnul
Zin
The Shining One

Shops:
D:6 *


Innate Abilities, Weirdness & Mutations

You are resistant to damage.
You can heal yourself by infusing magical energy.
You passively map the area around you.
You do not regenerate.


Message History

You block the necrophage's attack. The orc closely misses you.
You closely miss the necrophage. You slice the orc!!
You kill the orc!
You block the necrophage's attack.
You slash the necrophage!
The necrophage is severely damaged.
The necrophage hits you but does no damage.
The big kobold shouts!
You slash the necrophage!
You destroy the necrophage!
You hear a shout!
You see here a necrophage corpse.
Found a stone staircase leading down.
The big kobold zaps a wand.
The bolt of acid hits you!
* * * LOW HITPOINT WARNING * * *
The acid corrodes you!
You are splashed with acid!
The acid burns!
* * * LOW HITPOINT WARNING * * *
It is a wand of acid (5).
The big kobold zaps a wand.
The bolt of acid hits you!
You die...

, ** ,* #. , , ,,, ,, ,,
#> , , *# #.# *,,, , ,,,,,
. #.## #* ,, .# #### #...
.. , , ,.. #....#..# .#,#
* * #, #....#..##.#.# .,,
#. +....'..@K.#.#.., **
##.# #....#........). ,
.... +....)†......... ....
,#....#)).....#.#......#.#
#...,#.(..####.#........#
#..,,#..#.####.#........#
######..#......#........#
#..............#........#
.####..######.#........#


You could see a big kobold.

Vanquished Creatures
  Sigmund (D:3)
  2 sky beasts
  A necrophage (D:7)
  3 ogres
  A centaur (D:6)
  4 bullfrogs
  A water moccasin skeleton (D:4)
  2 scorpions
  3 killer bees (D:7)
  A crimson imp (D:6)
  2 bullfrog zombies
  3 hounds
  3 centaur skeletons
  3 orc priests
  4 orc wizards
  3 iguanas
  5 worker ants
  Natasha (twice) (D:4)
  Terence (D:3)
  A hound skeleton (D:7)
  Robin (D:4)
  A worker ant zombie (D:5)
  7 gnolls
  5 adders
  3 shadow imps
  An ooze (D:4)
  2 adder skeletons
  4 worms
  2 dart slugs (D:4)
  2 leopard geckos
  16 orcs
  4 bats
  3 giant cockroaches
  13 goblins
  10 hobgoblins
  5 jackals
  4 kobolds
  3 quokkas
  2 ball pythons
  11 frilled lizards
  2 leopard gecko skeletons (D:4)
  A leopard gecko zombie (D:4)
  A quokka skeleton (D:4)
  7 rats
156 creatures vanquished.

Notes
Turn   | Place    | Note
-------+----------+-------------------------------------------
     0 | D:1      | erker the Deep Dwarf Fighter began the quest for the Orb.
     0 | D:1      | Reached XP level 1. HP: 20/20 MP: 1/1
    67 | D:1      | Reached XP level 2. HP: 26/28 MP: 2/2
   802 | D:2      | Reached XP level 3. HP: 26/34 MP: 3/3
   831 | D:2      | Reached skill level 3 in Axes
  1609 | D:3      | Reached XP level 4. HP: 42/42 MP: 4/4
  1640 | D:3      | Reached skill level 4 in Axes
  1763 | D:3      | Reached XP level 5. HP: 34/49 MP: 5/5
  2093 | D:3      | Noticed Terence
  2098 | D:3      | Reached skill level 5 in Axes
  2103 | D:3      | Killed Terence
  2289 | D:3      | Noticed Sigmund
  2294 | D:3      | Killed Sigmund
  2294 | D:3      | Reached skill level 6 in Axes
  2294 | D:3      | Reached skill level 1 in Dodging
  2294 | D:3      | Reached XP level 6. HP: 36/56 MP: 6/6
  2455 | D:4      | Noticed Robin
  2480 | D:4      | Killed Robin
  2536 | D:4      | Reached XP level 7. HP: 29/62 MP: 7/7
  2657 | D:4      | Noticed Natasha
  2661 | D:4      | Killed Natasha
  2700 | D:4      | Got an ichor-stained ring mail
  2711 | D:4      | Identified the +5 ring mail of Limited Liability {rElec rN+
                  | Str+3 Int-2} (You found it on level 4 of the Dungeon)
  2757 | D:4      | Reached skill level 7 in Axes
  2761 | D:4      | Noticed Natasha
  2766 | D:4      | Killed Natasha
  3098 | D:5      | Entered Level 5 of the Dungeon
  3113 | D:5      | Reached skill level 8 in Axes
  3250 | D:5      | Found a staircase to the Ecumenical Temple.
  3263 | Temple   | Entered the Ecumenical Temple
  3373 | D:5      | Reached XP level 8. HP: 40/72 MP: 8/8
  3393 | D:5      | Reached skill level 5 in Shields
  3511 | D:5      | Noticed a two-headed ogre
  3959 | D:5      | Found an opulent altar of Gozag.
  4068 | D:5      | Reached skill level 9 in Axes
  4330 | D:6      | Found Zin's Purification Station.
  4334 | D:6      | Found a glowing silver altar of Zin.
  4471 | D:6      | Got an ominously black robe
  4652 | D:6      | Got an ichor-stained war axe
  4653 | D:6      | Identified the +7 war axe of Wyrd {protect, *Contam +Fly
                  | rC++} (You found it on level 6 of the Dungeon)
  4737 | D:6      | Reached skill level 5 in Armour
  4865 | D:7      | Found a sacrificial altar of Ru.
  4894 | D:7      | Reached skill level 10 in Axes
  4998 | D:7      | Gained mutation: You passively map the area around you.
                  | [Deep Dwarf growth]
  4998 | D:7      | Reached XP level 9. HP: 33/79 MP: 9/9
  5157 | D:7      | Killed from afar by a big kobold

Skill      XL: |  1  2  3  4  5  6  7  8  9 |
---------------+----------------------------+-----
Fighting       | 3 4 |  4.7
Axes           | 3 4 6 8 10 | 10.4
Shields        | 4 5 6 |  6.0
Armour         | 4 5 |  5.3
Dodging        | 1 2 |  2.6

Action                   |  1- 3 |  4- 6 |  7- 9 || total
-------------------------+-------+-------+-------++-------
Melee: War axe           |   126 |   137 |   182 ||   445
 Abil: Heal Wounds       |       |     1 |     1 ||     2
  Use: Potion            |     1 |     1 |     2 ||     4
       Scroll            |       |       |     4 ||     4
  Eat: Chunk             |     2 |     4 |     8 ||    14
Armor: Scale mail        |    46 |    19 |       ||    65
       Chain mail        |       |    22 |    10 ||    32
       Ring mail         |       |       |    50 ||    50
Dodge: Dodged            |    36 |    25 |    50 ||   111
Block: Shield            |    65 |    65 |    76 ||   206
